 Dungeon Crawl Stone Soup version 0.21-a0-150-gc243083 (webtiles) character file.

323 IsaacBound the Twirler (level 6, -1/44 HPs)
             Began as a Demonspawn Gladiator on July 29, 2017.
             Slain by Edmund
             ... wielding a +5 flail of crushing
              (2 damage)
             ... on level 4 of the Dungeon.
             The game lasted 00:03:44 (3437 turns).

IsaacBound the Twirler (Demonspawn Gladiator)       Turns: 3437, Time: 00:03:44

Health: -1/44      AC: 12    Str: 15    XL:     6   Next: 23%
Magic:  6/6        EV:  8    Int:  9    God:
Gold:   143        SH:  0    Dex: 16    Spells: 5/5 levels left

rFire    . . .     SeeInvis .   a - +0 quarterstaff
rCold    . . .     Gourm    .   (shield currently unavailable)
rNeg     . . .     Faith    .   n - +0 plate armour
rPois    .         Spirit   .   c - +0 helmet
rElec    .         Reflect  .   e - +0 cloak
rCorr    .         Harm     .   (no gloves)
MR       .....                  (no boots)
Stlth    ..........             (no amulet)
HPRegen  0.14/turn              (no ring)
MPRegen  0.10/turn              (no ring)

@: no status effects
A: hooves 1, repulsion field 2, powered by death 1
a: no special abilities


You were on level 4 of the Dungeon.
You were not hungry.

You visited 1 branch of the dungeon, and saw 4 of its levels.

You collected 143 gold pieces.

Inventory:

Hand Weapons
 a - a +0 quarterstaff (weapon)
Armour
 b - a +0 leather armour
 c - a +0 helmet (worn)
 e - a +0 cloak (worn)
 m - a +0 pair of boots
 n - a +0 plate armour (worn)
Jewellery
 j - an uncursed ring of flight {unknown}
Scrolls
 g - a scroll of fear {unknown}
 i - 4 scrolls of identify {unknown}
 p - a scroll of immolation {unknown}
 q - a scroll of recharging {unknown}
 t - 2 scrolls of enchant armour {unknown}
 u - a scroll of enchant weapon {unknown}
 y - a scroll of remove curse {unknown}
Potions
 h - 3 potions of ambrosia {unknown}
 k - a potion of curing {unknown}
 l - a potion of mutation {unknown}
 o - a potion of haste
 v - a potion of flight {unknown}
 w - a potion of brilliance {unknown}
 x - a potion of heal wounds {unknown}
Books
 r - a book of Callings

   Spells                             Type                      Level
   a - Summon Small Mammal            Summoning                    1
   b - Call Imp                       Summoning                    2
   c - Call Canine Familiar           Summoning                    3
   d - Summon Guardian Golem          Hexes/Summoning              3
   e - Summon Lightning Spire         Summoning/Air                4
   f - Summon Ice Beast               Ice/Summoning                4
 s - a book of Maledictions

   Spells                             Type                      Level
   a - Corona                         Hexes                        1
   b - Ensorcelled Hibernation        Hexes/Ice                    2
   c - Confuse                        Hexes                        3
   d - Tukima's Dance                 Hexes                        3
   e - Dazzling Spray                 Conjuration/Hexes            3
Comestibles
 f - 3 bread rations
 z - 4 fruits


   Skills:
 + Level 2.2 Fighting
 + Level 6.3 Staves
 - Level 1.7 Throwing
 + Level 0.1 Armour
 + Level 2.6 Dodging


You had 5 spell levels left.
You didn't know any spells.

Dungeon Overview and Level Annotations

Branches:
Dungeon (4/15)
 Temple: D:4-7

Altars:
The Shining One

Annotations:
D:4 Edmund


Innate Abilities, Weirdness & Mutations

You have large cloven feet.
You are surrounded by a moderate repulsion field. (EV +3)
You regenerate a little health from kills.


Message History

Edmund is almost dead.
Edmund struggles against the net.
You hit Edmund but do no damage.
Edmund is almost dead.
Edmund struggles against the net. x2
The net rips apart, and Edmund comes free!
You closely miss Edmund.
Edmund is almost dead.
Edmund hits you but does no damage.
Throwing (i - inventory):
d - a throwing net (quivered)
Press: ? - help, Shift-Dir - straight line, f/p - Edmund
Aim: Edmund, wielding a flail of crushing and wearing a glowing chain mail (almost dead, fast)
You throw a throwing net. The throwing net barely misses Edmund.
Edmund hits you but does no damage.
You closely miss Edmund. You kick Edmund, but do no damage.
Edmund is almost dead.
Edmund hits you with a flail of crushing!
* * * LOW HITPOINT WARNING * * *
x2 Edmund hits you with a flail of crushing.
You die...

#....#[#... #...#......
#....#.... #...#......
#....#...# #...#....## #.
#....#...# #...#....##
..######....#...# #...'.....#
............#...# #...#.....#
........###.....# #...#######
.#......# #.....#..#.........#
#......# #.#@.....#.+#......#
#......# #.#@.##..#..#......#
#......###.#..)# .#..#......#
#....>.#...#..## #.+#......#
........'...#.## #.........#
........#...#.. #.........#
........#...#..#####..(#######
........#...#(.#P......#....##
..#######...####PP...+##....'.


You could see Edmund.

Vanquished Creatures
  A bullfrog (D:3)
  An orc priest (D:3)
  An orc wizard (D:3)
  10 adders
  An ooze (D:1)
  2 worms
  A dart slug (D:2)
  A leopard gecko (D:1)
  10 orcs
  2 ball pythons
  6 bats
  5 giant cockroaches
  6 hobgoblins
  5 jackals
  4 quokkas
  3 frilled lizards
  12 goblins
  8 kobolds
  10 rats
89 creatures vanquished.

Notes
Turn   | Place    | Note
-------+----------+-------------------------------------------
     0 | D:1      | IsaacBound the Demonspawn Gladiator began the quest for the Orb.
     0 | D:1      | Reached XP level 1. HP: 16/16 MP: 1/1
    71 | D:1      | Reached skill level 3 in Staves
    94 | D:1      | Gained mutation: You are surrounded by a mild repulsion field. (EV +2) [demonic ancestry]
    94 | D:1      | Reached XP level 2. HP: 18/22 MP: 2/2
  1072 | D:1      | Gained mutation: You regenerate a little health from kills. [demonic ancestry]
  1072 | D:1      | Reached XP level 3. HP: 27/27 MP: 3/3
  1284 | D:2      | Reached skill level 4 in Staves
  1596 | D:2      | Gained mutation: You are surrounded by a moderate repulsion field. (EV +3) [demonic ancestry]
  1596 | D:2      | Reached XP level 4. HP: 32/33 MP: 4/4
  2273 | D:3      | Noticed a bullfrog
  2281 | D:3      | Killed a bullfrog
  2281 | D:3      | Reached skill level 5 in Staves
  2281 | D:3      | Gained mutation: You have large cloven feet. [demonic ancestry]
  2281 | D:3      | Reached XP level 5. HP: 34/38 MP: 5/5
  2413 | D:3      | Found a glowing golden altar of the Shining One.
  2572 | D:3      | Reached skill level 6 in Staves
  2593 | D:3      | Reached XP level 6. HP: 29/44 MP: 6/6
  3404 | D:4      | Noticed Edmund
  3437 | D:4      | HP: 1/44 [Edmund/flail of crushing (3)]
  3437 | D:4      | Slain by Edmund

Vault maps used:
D:1:      erik_arrival_cave_to_civilisation, hangedman_decor_riveting,
          minmay_close_crescents
D:3:      kennysheep_six_static_rooms, tso_metal_star
D:4:      gammafunk_steamed_eel, grunt_gozag_statues, first_bread, serial_shops,
          nicolae_shop_window_shopping, sigmund_edmund_badplayer, uniq_duvessa

Skill      XL: |  1  2  3  4  5 |
---------------+----------------+-----
Staves         | 3 4 5 6 |  6.3
Fighting       | |  2.2
Throwing       | |  1.7
Armour         | |  0.1
Dodging        | |  2.6

Action                   |  1- 3 |  4- 6 || total
-------------------------+-------+-------++-------
Melee: Quarterstaff      |    92 |   192 ||   284
       Kick              |       |    31 ||    31
Throw: Throwing net      |       |     3 ||     3
 Stab: Held in net/web   |       |     1 ||     1
  Eat: Chunk             |     2 |     6 ||     8
Armor: Leather armour    |    11 |       ||    11
       Plate armour      |    41 |   134 ||   175
Dodge: Dodged            |    60 |    83 ||   143
